TOP OF THE 1ST |
Austin River Sharks batting - Pitching for St. Louis Browns : RHP José Morán
|
Pitching: RHP José Morán
|
|
Batting: LHB Bruno Lalonde
|
0-0: Swinging Strike 0-1: Swinging Strike 0-2: SINGLE (Groundball, 34D)
|
Batting: RHB Tyler Wagner
|
0-0: Called Strike 0-1: Ball 1-1: Ball 2-1: Ball 3-1: Base on Balls Bruno Lalonde to second
|
Batting: SHB Juan Castro
|
0-0: Ball 1-0: Ball 2-0: SINGLE (Line Drive, 78S) Bruno Lalonde to third Tyler Wagner to second Runner from 3rd tries for Home, SAFE, no throw or cutoff
|
Batting: LHB Pedro Zaragoza
|
0-0: Ground out 5-3 (Groundball, 5S) Tyler Wagner to third Juan Castro to second
|
Batting: RHB Kenneth Roberts
|
0-0: Foul Ball, location: 2F 0-1: Fly out, F8 (Line Drive, 8LS)
|
Batting: LHB Terry Maloney
|
0-0: Swinging Strike 0-1: Foul Ball, location: 2F 0-2: Ball 1-2: Ball 2-2: Ball 3-2: Base on Balls
|
Batting: RHB Carlos Guzmán
|
0-0: Ball 1-0: Ball 2-0: SINGLE (Line Drive, 4M) Tyler Wagner scores Juan Castro to third Terry Maloney to second Runner from 3rd tries for Home, SAFE, no throw or cutoff
|
Batting: RHB Orlando Bruno
|
0-0: Called Strike 0-1: Called Strike 0-2: Ball 1-2: Strikes out swinging
|
Top of the 1st over - 3 run(s), 3 hit(s), 0 error(s), 2 left on base; Austin 3 - St. Louis 0 |
BOTTOM OF THE 1ST |
St. Louis Browns batting - Pitching for Austin River Sharks : LHP Terry Klassen
|
Pitching: LHP Terry Klassen
|
|
Batting: LHB Mike Hill
|
0-0: Called Strike 0-1: Foul Ball, location: 2F 0-2: Ground out 4-3 (Groundball, 34)
|
Batting: RHB R.J. Parker
|
0-0: Called Strike 0-1: Ball 1-1: Ground out 4-3 (Groundball, 4)
|
Batting: LHB Stan Hickman
|
0-0: DOUBLE (Flyball, 8RXD)
|
Batting: RHB Carlos Alfaro
|
0-0: Ball 1-0: Ball 2-0: Ball 3-0: Base on Balls
|
Batting: RHB Mario Rosales
|
0-0: Ground out 4-3 (Groundball, 4)
|
Bottom of the 1st over - 0 run(s), 1 hit(s), 0 error(s), 2 left on base; Austin 3 - St. Louis 0 |
TOP OF THE 2ND |
Austin River Sharks batting - Pitching for St. Louis Browns : RHP José Morán
|
Batting: RHB Carlos Pérez
|
0-0: Fly out, F6 (Popup, 5D)
|
Batting: LHB Bruno Lalonde
|
0-0: Called Strike 0-1: Foul Ball, location: 2F 0-2: Ball 1-2: Ground out 4-3 (Groundball, 4M)
|
Batting: RHB Tyler Wagner
|
0-0: Ball 1-0: Ball 2-0: Foul Ball, location: 2F 2-1: Ball 3-1: Called Strike 3-2: SINGLE (Groundball, 4M)
|
Batting: SHB Juan Castro
|
0-0: Ball 1-0: Called Strike Tyler Wagner is caught stealing 2nd base
|
Top of the 2nd over - 0 run(s), 1 hit(s), 0 error(s), 0 left on base; Austin 3 - St. Louis 0 |
BOTTOM OF THE 2ND |
St. Louis Browns batting - Pitching for Austin River Sharks : LHP Terry Klassen
|
Batting: RHB Will Brown
|
0-0: Ball 1-0: Swinging Strike 1-1: Swinging Strike 1-2: Foul Ball, location: 2F 1-2: Ball 2-2: Strikes out swinging
|
Batting: LHB Jorge Torres
|
0-0: Ball 1-0: Ground out 1-3 (Groundball, 13S)
|
Batting: RHB George Howard
|
0-0: Ground out 1-3 (Groundball, 15)
|
Bottom of the 2nd over - 0 run(s), 0 hit(s), 0 error(s), 0 left on base; Austin 3 - St. Louis 0 |
TOP OF THE 3RD |
Austin River Sharks batting - Pitching for St. Louis Browns : RHP José Morán
|
Batting: SHB Juan Castro
|
0-0: Called Strike 0-1: Swinging Strike
|
|
|
|
0-2: Ball 1-2: Ground out 4-3 (Groundball, 4)
|
Batting: LHB Pedro Zaragoza
|
0-0: Ball 1-0: Ball 2-0: Called Strike 2-1: Foul Ball, location: 2F 2-2: Strikes out swinging
|
Batting: RHB Kenneth Roberts
|
0-0: Called Strike 0-1: Fly out, F5 (Popup, 25)
|
Top of the 3rd over - 0 run(s), 0 hit(s), 0 error(s), 0 left on base; Austin 3 - St. Louis 0 |
BOTTOM OF THE 3RD |
St. Louis Browns batting - Pitching for Austin River Sharks : LHP Terry Klassen
|
Batting: LHB Junior Coates
|
0-0: Called Strike 0-1: Called Strike 0-2: Ball 1-2: Fly out, F8 (Flyball, 8RD)
|
Batting: LHB Mike Hill
|
0-0: Ball 1-0: DOUBLE (Groundball, 3L)
|
Batting: RHB R.J. Parker
|
0-0: DOUBLE (Flyball, 7LD) Mike Hill scores
|
Batting: LHB Stan Hickman
|
0-0: Called Strike 0-1: Ball 1-1: Ball 2-1: Ball 3-1: Foul Ball, location: 2F 3-2: Base on Balls
|
Batting: RHB Carlos Alfaro
|
0-0: Ball 1-0: Called Strike 1-1: SINGLE (Line Drive, 56D) R.J. Parker to third Stan Hickman to second
|
Batting: RHB Mario Rosales
|
0-0: Ball Passed Ball! R.J. Parker scores Stan Hickman to third Carlos Alfaro to second 1-0: Ball 2-0: Foul Ball, location: 2F 2-1: Ground out 4-3 (Groundball, 4) Stan Hickman scores Carlos Alfaro to third
|
Batting: RHB Will Brown
|
0-0: Foul Ball, location: 2F 0-1: Foul Ball, location: 2F 0-2: Ball 1-2: Foul Ball, location: 2F 1-2: Foul Ball, location: 2F 1-2: Foul Ball, location: 2F 1-2: SINGLE (Line Drive, 7LS) Carlos Alfaro scores
|
Batting: LHB Jorge Torres
|
0-0: Ball 1-0: Ball 2-0: Ball 3-0: Base on Balls Will Brown to second
|
Batting: RHB George Howard
|
0-0: Swinging Strike 0-1: Ball 1-1: Called Strike 1-2: Ball 2-2: Foul Ball, location: 2F 2-2: Foul Ball, location: 2F 2-2: Foul Ball, location: 2F 2-2: Fielders Choice at 2nd, 6-4 (Groundball, 6)
|
Bottom of the 3rd over - 4 run(s), 4 hit(s), 0 error(s), 1 left on base; Austin 3 - St. Louis 4 |
TOP OF THE 4TH |
Austin River Sharks batting - Pitching for St. Louis Browns : RHP José Morán
|
Batting: LHB Terry Maloney
|
0-0: Ball 1-0: Called Strike 1-1: Ball 2-1: Foul Ball, location: 2F 2-2: Strikes out swinging
|
Batting: RHB Carlos Guzmán
|
0-0: Ball 1-0: Swinging Strike 1-1: Swinging Strike 1-2: Fly out, F8 (Flyball, 8LXD)
|
Batting: RHB Orlando Bruno
|
0-0: Ball 1-0: Ball 2-0: Swinging Strike 2-1: Called Strike 2-2: Ball 3-2: Foul Ball, location: 2F 3-2: Base on Balls
|
Batting: RHB Carlos Pérez
|
0-0: Ball Orlando Bruno steals 2nd base 1-0: Called Strike 1-1: Swinging Strike 1-2: Ball 2-2: Ball 3-2: Fly out, F8 (Flyball, 8LM)
|
Top of the 4th over - 0 run(s), 0 hit(s), 0 error(s), 1 left on base; Austin 3 - St. Louis 4 |
BOTTOM OF THE 4TH |
St. Louis Browns batting - Pitching for Austin River Sharks : LHP Terry Klassen
|
Batting: LHB Junior Coates
|
0-0: Ground out U3 (Groundball, 3)
|
Batting: LHB Mike Hill
|
0-0: Called Strike 0-1: Ball 1-1: Ball 2-1: Called Strike 2-2: Foul Ball, location: 2F 2-2: Foul Ball, location: 2F 2-2: Strikes out looking
|
Batting: RHB R.J. Parker
|
0-0: Called Strike 0-1: Called Strike 0-2: Ball 1-2: Ball 2-2: Foul Ball, location: 2F 2-2: Foul Ball, location: 2F 2-2: Ball 3-2: Base on Balls
|
Batting: LHB Stan Hickman
|
0-0: Ball 1-0: Called Strike 1-1: Foul Ball, location: 2F 1-2: Foul Ball, location: 2F 1-2: Ball 2-2: Ground out 2-3 (Groundball, 2L)
|
Bottom of the 4th over - 0 run(s), 0 hit(s), 0 error(s), 1 left on base; Austin 3 - St. Louis 4 |
TOP OF THE 5TH |
Austin River Sharks batting - Pitching for St. Louis Browns : RHP José Morán
|
Batting: LHB Bruno Lalonde
|
0-0: Called Strike 0-1: Ball 1-1: Ball 2-1: Foul Ball, location: 2F 2-2: Ground out 3-1 (Groundball, 34)
|
Batting: RHB Tyler Wagner
|
0-0: Called Strike 0-1: Ball 1-1: SINGLE (Line Drive, 34D)
|
Batting: SHB Juan Castro
|
0-0: Ball 1-0: Foul Ball, location: 2F 1-1: Foul Ball, location: 2F 1-2: Strikes out looking
|
Batting: LHB Pedro Zaragoza
|
0-0: Ball 1-0: Swinging Strike 1-1: Ball 2-1: SINGLE (Line Drive, 89S) Tyler Wagner to second
|
Batting: RHB Kenneth Roberts
|
0-0: Foul Ball, location: 2F 0-1: Ball 1-1: Swinging Strike 1-2: Strikes out looking
|
Top of the 5th over - 0 run(s), 2 hit(s), 0 error(s), 2 left on base; Austin 3 - St. Louis 4 |
BOTTOM OF THE 5TH |
St. Louis Browns batting - Pitching for Austin River Sharks : LHP Terry Klassen
|
Batting: RHB Carlos Alfaro
|
0-0: Called Strike 0-1: Ball 1-1: Ball 2-1: Called Strike 2-2: Ground out 1-3 (Groundball, 23)
|
Batting: RHB Mario Rosales
|
0-0: Ground out 6-3 (Groundball, 6M)
|
Batting: RHB Will Brown
|
0-0: Ball 1-0: Ground out 6-3 (Groundball, 6)
|
Bottom of the 5th over - 0 run(s), 0 hit(s), 0 error(s), 0 left on base; Austin 3 - St. Louis 4 |
TOP OF THE 6TH |
Austin River Sharks batting - Pitching for St. Louis Browns : RHP José Morán
|
Pitching: LHP Miguel Martínez
|
|
Batting: LHB Terry Maloney
|
0-0: Ball 1-0: Swinging Strike 1-1: Called Strike 1-2: Foul Ball, location: 2F 1-2: Foul Ball, location: 2F 1-2: Ball 2-2: Strikes out swinging
|
Batting: RHB Carlos Guzmán
|
0-0: Fly out, F8 (Flyball, 8LXD)
|
Batting: RHB Orlando Bruno
|
0-0: Ball 1-0: SINGLE (Groundball, 6S) (infield hit)
|
Batting: RHB Carlos Pérez
|
0-0: Foul Ball, location: 2F 0-1: Foul Ball, location: 2F 0-2: Strikes out swinging
|
Top of the 6th over - 0 run(s), 1 hit(s), 0 error(s), 1 left on base; Austin 3 - St. Louis 4 |
BOTTOM OF THE 6TH |
St. Louis Browns batting - Pitching for Austin River Sharks : LHP Terry Klassen
|
Batting: LHB Jorge Torres
|
0-0: Fly out, F7 (Line Drive, 7LM)
|
Batting: RHB George Howard
|
0-0: Called Strike 0-1: SINGLE (Line Drive, 9S)
|
Batting: LHB Junior Coates
|
0-0: Ball 1-0: Swinging Strike 1-1: Ball 2-1: Grounds into double play, 1-6-3 (Groundball, 13)
|
Bottom of the 6th over - 0 run(s), 1 hit(s), 0 error(s), 0 left on base; Austin 3 - St. Louis 4 |
TOP OF THE 7TH |
Austin River Sharks batting - Pitching for St. Louis Browns : LHP Miguel Martínez
|
Batting: LHB Bruno Lalonde
|
0-0: Ball 1-0: Foul Ball, location: 2F 1-1: Swinging Strike 1-2: Strikes out swinging
|
Batting: RHB Tyler Wagner
|
0-0: Called Strike 0-1: Swinging Strike 0-2: Strikes out looking
|
Batting: SHB Juan Castro
|
0-0: Ball 1-0: Ball 2-0: Ball 3-0: Base on Balls
|
Pitching: LHP Santiago Valentín
|
|
Batting: LHB Pedro Zaragoza
|
0-0: Ball 1-0: Swinging Strike 1-1: Ball 2-1: Foul Ball, location: 2F 2-2: Foul Ball, location: 2F 2-2: Ball 3-2: Strikes out swinging
|
Top of the 7th over - 0 run(s), 0 hit(s), 0 error(s), 1 left on base; Austin 3 - St. Louis 4 |
BOTTOM OF THE 7TH |
St. Louis Browns batting - Pitching for Austin River Sharks : LHP Terry Klassen
|
Pitching: RHP Tatsuzo Harada
|
|
Batting: LHB Mike Hill
|
0-0: Ball 1-0: Ball 2-0: Called Strike 2-1: Ball 3-1: Base on Balls
|
Batting: RHB R.J. Parker
|
0-0: Bunted foul 0-1: Bunted foul 0-2: Ball 1-2: Foul Ball, location: 2F 1-2: Foul Ball, location: 2F 1-2: Foul Ball, location: 2F 1-2: Ball 2-2: Ball 3-2: Base on Balls Mike Hill to second
|
Batting: LHB Stan Hickman
|
0-0: Fielders Choice at 2nd, 3-6 (Groundball, 3) Mike Hill to third
|
Pinch Hitting: LHB Clinton Clark
|
0-0: Ball 1-0: Ball 2-0: Ball Pickoff Throw to First - Out! 3-0: Base on Balls
|
Batting: RHB Mario Rosales
|
0-0: Foul Ball, location: 2F 0-1: Ball 1-1: Swinging Strike 1-2: Strikes out swinging
|
Bottom of the 7th over - 0 run(s), 0 hit(s), 0 error(s), 2 left on base; Austin 3 - St. Louis 4 |
TOP OF THE 8TH |
Austin River Sharks batting - Pitching for St. Louis Browns : LHP Santiago Valentín
|
Pitching: RHP Ramón Silva
|
|
Now at SS: Tommy Evans
|
|
Batting: RHB Kenneth Roberts
|
0-0: Called Strike 0-1: Swinging Strike 0-2: Strikes out swinging
|
Pitching: LHP Bernardo Miranda
|
|
Batting: LHB Terry Maloney
|
0-0: Ball 1-0: Ball 2-0: Called Strike 2-1: Swinging Strike 2-2: Foul Ball, location: 2F 2-2: Ball 3-2: Strikes out swinging
|
Batting: RHB Carlos Guzmán
|
0-0: Ball 1-0: Foul Ball, location: 2F 1-1: Ground out 3-1 (Groundball, 34)
|
Top of the 8th over - 0 run(s), 0 hit(s), 0 error(s), 0 left on base; Austin 3 - St. Louis 4 |
BOTTOM OF THE 8TH |
St. Louis Browns batting - Pitching for Austin River Sharks : RHP Tatsuzo Harada
|
Batting: RHB Will Brown
|
0-0: Called Strike 0-1: Foul Ball, location: 2F 0-2: Ball 1-2: Ball 2-2: Foul Ball, location: 2F 2-2: Ball 3-2: Foul Ball, location: 2F 3-2: Ground out 5-3 (Groundball, 56)
|
Pitching: RHP Ramón Estrada
|
|
Batting: LHB Jorge Torres
|
0-0: Foul Ball, location: 2F 0-1: Ball 1-1: Ground out 3-1 (Groundball, 3)
|
Batting: RHB George Howard
|
0-0: Ball 1-0: Swinging Strike 1-1: Fly out, F8 (Line Drive, 8LD)
|
Bottom of the 8th over - 0 run(s), 0 hit(s), 0 error(s), 0 left on base; Austin 3 - St. Louis 4 |
TOP OF THE 9TH |
Austin River Sharks batting - Pitching for St. Louis Browns : LHP Bernardo Miranda
|
Pitching: LHP Brent Miller
|
|
Batting: RHB Orlando Bruno
|
0-0: DOUBLE (Line Drive, 7LM)
|
Batting: RHB Carlos Pérez
|
0-0: Called Strike 0-1: Ball 1-1: Ground out 6-3 (Groundball, 56)
|
Pinch Hitting: RHB Cristián Peña
|
0-0: Ball 1-0: Called Strike 1-1: Ball 2-1: Foul Ball, location: 2F 2-2: Fly out, F9 (Flyball, 89D) Runner from 2nd tags up, SAFE at 3rd, no throw
|
Batting: RHB Tyler Wagner
|
0-0: Ball 1-0: SINGLE (Line Drive, 8LS) Orlando Bruno scores
|
Batting: SHB Juan Castro
|
0-0: Fly out, F9 (Flyball, 89S)
|
Top of the 9th over - 1 run(s), 2 hit(s), 0 error(s), 1 left on base; Austin 4 - St. Louis 4 |
|